 Dungeon Crawl Stone Soup version 0.28-a0-793-g31680bbd8b (webtiles) character file.

Game seed: 3729127260224317643

21 siradein the Skirmisher (level 2, 0/36 HPs)
             Began as a Demonspawn Berserker on Nov 4, 2021.
             Was a Follower of Trog.
             Slain by an adder (5 damage)
             ... on level 2 of the Dungeon.
             The game lasted 00:02:14 (928 turns).

siradein the Skirmisher (Demonspawn Berserker)       Turns: 928, Time: 00:02:14

Health: 0/36       AC:  2    Str: 17    XL:     2   Next: 62%
Magic:  2/2        EV: 12    Int:  8    God:    Trog [*.....]
Gold:   41         SH:  0    Dex: 12    Spells: 1/1 levels left

rFire   . . .      SeeInvis .   a - +0 falchion
rCold   . . .      Faith    .   (no shield)
rNeg    . . .      Spirit   .   b - +0 animal skin
rPois   .          Reflect  .   (no helmet)
rElec   .          Harm     .   (no cloak)
rCorr   .          Rampage  .   (no gloves)
Will    .....                   (no boots)
Stlth   ..........              (no amulet)
HPRegen 0.12/turn               (no ring)
MPRegen 0.16/turn               (no ring)

@: berserking, lethally poisoned (0 -> -2), very quick
A: magic regeneration
a: Renounce Religion, Berserk


You were on level 2 of the Dungeon.
You worshipped Trog.
Trog was aware of your devotion.
You visited 1 branch of the dungeon, and saw 2 of its levels.

You collected 41 gold pieces.

Inventory:

Hand Weapons
 a - a +0 falchion (weapon)
Armour
 b - a +0 animal skin (worn)
Scrolls
 d - 3 scrolls of enchant weapon {unknown}
 e - a scroll of teleportation {unknown}
Potions
 c - a potion of invisibility {unknown}


   Skills:
 + Level 3.2 Fighting
 + Level 2.9 Long Blades
 + Level 2.1 Armour
 + Level 2.1 Dodging
 + Level 0.5 Invocations


You had one spell level left.
You didn't know any spells.
Your spell library was empty.

Dungeon Overview and Level Annotations

Branches:
Dungeon (2/15)

Altars:

Shops:
D:1 !:


Innate Abilities, Weirdness & Mutations

You regenerate magic rapidly.


Message History

An adder is nearby!
An adder is nearby!
An adder is nearby!
There is an open door here.
You barely miss the adder. The adder bites you.
You are poisoned.
The adder poisons you!
You slash the adder!
The adder is almost dead.
You feel sick. The adder barely misses you. x2
You completely miss the adder.
The adder is almost dead.
You feel sick. The adder bites you.
You are more poisoned.
The adder poisons you!
You closely miss the adder.
The adder is almost dead.
You feel sick. The adder bites you but does no damage. The adder misses you.
You feel sick.
There is an open door here.
You feel sick.
You feel sick. The adder bites you.
* * * LOW HITPOINT WARNING * * *
You feel sick.
You are no longer poisoned.
A red film seems to cover your vision as you go berserk!
You feel yourself moving faster!
You feel mighty! The adder bites you.
* * * LOW HITPOINT WARNING * * *
You are poisoned.
The adder poisons you!
You closely miss the adder.
The adder is almost dead.
You feel sick. The adder closely misses you.
You closely miss the adder.
The adder is almost dead.
You feel sick. The adder barely misses you.
You barely miss the adder.
The adder is almost dead.
You feel sick. The adder bites you.
You die...

#.# #)#
#.#)###'####
#.#.#......#
#.#.#......#
#.#.#......#
#.#.#......#
#.#†#.)....#
#.#.#......#
#@#.#......#
###S#.#......#
#.....'......#
#######......#
###....# ...#
..# ... ##


You could see an adder.

Vanquished Creatures
  A ball python (D:2)
  5 bats
  An endoplasm (D:1)
  2 giant cockroaches (D:1)
  2 goblins (D:1)
  A hobgoblin (D:1)
  A kobold (D:2)
  4 rats (D:1)
17 creatures vanquished.

Notes
Turn   | Place    | Note
-------+----------+-------------------------------------------
     0 | D:1      | siradein the Demonspawn Berserker began the quest for the
                  | Orb.
     0 | D:1      | Reached XP level 1. HP: 18/18 MP: 1/1
   175 | D:1      | Found Tidgheh's Distillery.
   199 | D:1      | Found Yvvuma's Book Boutique.
   205 | D:1      | Gained mutation: You regenerate magic rapidly. [demonic
                  | ancestry]
   205 | D:1      | Reached XP level 2. HP: 23/24 MP: 2/2
   928 | D:2      | Slain by an adder

Illustrated notes

Levels and vault maps discovered:
D:1:      heliophobic_arrival_glass_houses, layout_loops_ring, serial_shops,
          nicolae_square_shop, shop, minivault_25
D:2:      layout_basic, chequers_big_river

Skill      XL: |  1 |
---------------+----+-----
Armour         | 2 |  2.1
Dodging        | 2 |  2.1
Fighting       | |  3.2
Long Blades    | |  2.9
Invocations    | |  0.5

Action                   || total
-------------------------++-------
Melee: Falchion          ||    56
Invok: Berserk           ||     1
Armor: Animal skin       ||    13
Dodge: Dodged            ||    31

Table legend: (Time is in decaauts)
 A = Elapsed time spent in this place.
 B = Non-inter-level travel time spent in this place.
 C = Inter-level travel time spent in this place.
 D = Time resting spent in this place.
 E = Time spent auto-exploring this place.
 F = Levels seen in this place.
 G = Mean time per level.
                   A        B        C        D        E       F      G
               +--------+--------+--------+--------+--------+-----+--------+
         Total |    936 |    908 |     28 |      0 |    783 |   2 |  468.0 |
       Dungeon |    936 |    908 |     28 |      0 |    783 |   2 |  468.0 |
               +--------+--------+--------+--------+--------+-----+--------+

Top non-repeatable levels by time:
     D:1: 737 daAuts
     D:2: 198 daAuts
